 Dungeon Crawl Stone Soup version 0.24.0-2-g5b39cebb1c (webtiles) character file.

Game seed: 1471850141389603204, levelgen mode: deterministic

58 Katsumi the Skirmisher (level 3, -1/27 HPs)
             Began as a Felid Transmuter on Oct 29, 2019.
             Slain by a hound (4 damage)
             ... on level 4 of the Dungeon.
             The game lasted 00:02:24 (1175 turns).

Katsumi the Skirmisher (Felid Transmuter)           Turns: 1175, Time: 00:02:25

Health: -1/27      AC: 21    Str:  6    XL:     3   Next: 76%
Magic:  7/7        EV:  4    Int: 15    God:
Gold:   61         SH:  0    Dex: 16    Spells: 3/6 levels left
                                        Lives:  0   Deaths: 0

rFire    . . .     SeeInvis +     - Unarmed
rCold    . . .     Gourm    .   (shield unavailable)
rNeg     + + +     Faith    .   (armour unavailable)
rPois    +         Spirit   .   (helmet unavailable)
rElec    .         Reflect  .   (cloak unavailable)
rCorr    .         Harm     .   (gloves unavailable)
MR       .....     NoTele   +   (boots unavailable)
Stlth    +.........             (no amulet)
HPRegen  0.09/turn              (no ring)
MPRegen  0.10/turn              (no ring)

@: lethally poisoned (-1 -> -5), tree-form
A: very small, no armour, no weapons or thrown items, stealth, see invisible,
carnivore, slow metabolism 1
a: no special abilities


You were on level 4 of the Dungeon.
You were completely stuffed.
You were a tree.
You visited 1 branch of the dungeon, and saw 3 of its levels.

You collected 61 gold pieces.

Inventory:

Missiles
 a - 22 arrows
Jewellery
 f - an uncursed ring of protection from magic
Scrolls
 h - 2 scrolls of remove curse
Potions
 d - a potion of ambrosia {unknown}
 e - a potion of flight {unknown}
 g - 2 potions of curing {unknown}
Comestibles
 c - 3 rations
 k - 3 chunks of flesh


   Skills:
 + Level 3.7 Fighting
 - Level 2.6 Dodging
 - Level 3.0 Unarmed Combat
 - Level 2.0 Spellcasting
 - Level 2.1 Transmutations


You had 3 spell levels left.
You knew the following spells:

 Your Spells              Type           Power        Failure   Level  Hunger
a - Beastly Appendage     Tmut           #.....       9%          1    #......
b - Sticks to Snakes      Tmut           #.......     14%         2    ###....

Your spell library contained the following spells:

 Spells                   Type           Power        Failure   Level  Hunger
 Spider Form              Tmut/Pois      #.........   38%         3    ###....
 Ice Form                 Ice/Tmut       #.......     80%         4    #####..
 Blade Hands              Tmut           #.........   94%         5    ######.


Dungeon Overview and Level Annotations

Branches:
Dungeon (2/15)

Altars:
Cheibriados
Makhleb

Annotations:
D:2 2 transporters


Innate Abilities, Weirdness & Mutations

You cannot wear armour.
You are incapable of wielding weapons or throwing items.
Your paws allow you to move quietly. (Stealth)
((You have sharp claws.))
((You have razor-sharp teeth.))
You have supernaturally acute eyesight. (SInv)
You are carnivorous and can eat meat at any time.
((You cover ground quickly.))
((You are covered in fur. (AC +1)))
You have a slow metabolism.
((Your sharp claws are effective at attacking unaware monsters.))


Message History

* * * LOW HITPOINT WARNING * * *
You feel sick. The adder bites you but does no damage.
The hound bites you but does no damage.
The worker ant bites you but does no damage.
Unknown command.
Unknown command.
You hit the worker ant but do no damage.
The worker ant is almost dead.
The hound bites you but does no damage. The adder bites you but does no damage.
The worker ant bites you but does no damage.
Unknown command.
Unknown command.
You hit the worker ant.
You kill the worker ant!
You feel sick. The hound bites you but does no damage. The adder bites you.
* * * LOW HITPOINT WARNING * * *
The orc wizard casts a spell.
The orc wizard flickers and vanishes for a moment.
The hound bites you.
You die...

*,,* *,* ***,*,,*****,,**,***
**,** **,* *,*,,*,,,,,,,,,*
**,,***,,* *,,,,*,***,,,*,*
,,,,,,,,*********###,,**,,,,,,*
***,******,,,,,**!(##****,*,,,**
*
*,******,**,,*,...#*,,****,,,**
*,,,,,,,,*####,...+,,,,* *,*,,,
*,,***,,,##.Z##†.#*,,,,* *,***,
*****,,,,#.soh♣#####,,****,* *,
***,,,,,,**#..SS##)$$##+*,,***
*, ,,,,***>** ##.S##.....##,,,,*
*, *******,* ##'##.......+,,,,*
*, *,,,,*
##..##...8...#*,,*****,
****,****
#....'.......#*+**,,,,, *<,,,*
#....##.....##,,**,***, ,,*****
##..#+##?$(##,,,,*,* *,
,,,,,,**** ####,,#####+,,,,*,*
*,


You could see a hound, an orc wizard (invisible), 3 adders, a giant cockroach
and a jackal skeleton.

Vanquished Creatures
  A worker ant (D:4)
  2 oozes (D:1)
  7 giant cockroaches (D:1)
  3 goblins (D:1)
  4 hobgoblins (D:1)
  3 jackals (D:1)
  3 bats
  2 rats (D:1)
25 creatures vanquished.

Notes
Turn   | Place    | Note
-------+----------+-------------------------------------------
     0 | D:1      | Katsumi the Felid Transmuter began the quest for the Orb.
     0 | D:1      | Reached XP level 1. HP: 9/9 MP: 4/4
    85 | D:1      | Reached XP level 2. HP: 7/13 MP: 4/6
   543 | D:1      | Learned a level 2 spell: Sticks to Snakes
   611 | D:1      | Reached XP level 3. HP: 11/17 MP: 5/7
  1111 | D:2      | Found a snail-covered altar of Cheibriados.
  1111 | D:2      | Noticed an ice beast
  1115 | D:2      | Found a transporter.
  1115 | D:2      | Found a burning altar of Makhleb.
  1115 | D:2      | Noticed a sky beast
  1138 | D:2      | Found a transporter.
  1152 | D:2      | You fall into a shaft and drop 2 floors!
  1175 | D:4      | Slain by a hound

Levels and vault maps discovered:
D:1:      eino_arrival_druids_welcome, layout_basic
D:2:      layout_loops_cross, gammafunk_temple_overflow_arena,
          chequers_mini_garden
D:4:      minmay_bubble_buster, layout_rooms, nemelex_altar_shiori,
          makhleb_heckhound_becter

Skill      XL: |  1  2 |
---------------+-------+-----
Fighting       | 2 3 |  3.7
Dodging        | |  2.6
Unarmed Combat | |  3.0
Spellcasting   | |  2.0
Transmutations | |  2.1

Action                   || total
-------------------------++-------
Melee: Unarmed           ||    73
       Bite              ||     8
       Headbutt          ||     9
 Cast: Beastly Appendage ||    17
  Use: Scroll            ||     3
       Potion            ||     1
  Eat: Chunk             ||     8
Armor: Skin              ||    22
Dodge: Dodged            ||    62
